 Dungeon Crawl Stone Soup version 0.27.1-33-g824d729ab1 (webtiles) character file.

Game seed: 672109712769351813

135 Garessta the Vexing (level 4, -2/24 HPs)
             Began as a Vampire Enchanter on Dec 7, 2021.
             Was a Follower of Cheibriados.
             Slain by a necrophage (6 damage)
             ... on level 4 of the Dungeon.
             The game lasted 00:10:11 (2888 turns).

Garessta the Vexing (Vampire Enchanter)             Turns: 2888, Time: 00:10:12

Health: -2/24      AC:  0    Str:  7 (9)  XL:     4   Next: 97%
Magic:  5/7        EV: 34    Int: 17 (19) God:    Cheibriados [*.....]
Gold:   121        SH:  0    Dex: 20 (22) Spells: 1/7 levels left

rFire    . . .     SeeInvis +   (weapon currently unavailable)
rCold    + + .     Faith    .   (shield currently unavailable)
rNeg     + + +     Spirit   .   (armour currently unavailable)
rPois    ∞         Reflect  .   (helmet currently unavailable)
rElec    .         Harm     .   (cloak currently unavailable)
rCorr    .         Rampage  .   (gloves currently unavailable)
Will     .....                  (boots currently unavailable)
Stlth    ++++++....             c - amulet of the acrobat
HPRegen  0.00/turn              (ring currently unavailable)
MPRegen  0.10/turn              (ring currently unavailable)

@: bat-form, acrobatic, flying, bloodless, inhibited regen, quick
A: fast, flying, no casting, bloodless, tiny, fangs 3, see invisible, vampiric 2
a: Revivify, End Transformation, Renounce Religion, Bend Time


You were on level 4 of the Dungeon.
You worshipped Cheibriados.
Cheibriados was aware of your devotion.
You were a vampire bat.
You visited 1 branch of the dungeon, and saw 4 of its levels.

You collected 121 gold pieces.

Inventory:

Hand Weapons
 a - a +1 dagger (melded)
Armour
 b - a +0 robe (melded)
Jewellery
 c - an amulet of the acrobat (around neck)
Scrolls
 e - 2 scrolls of brand weapon {unknown}
 g - a scroll of amnesia {unknown}
 i - a scroll of holy word {unknown}
Potions
 d - a potion of haste
 h - a potion of lignification {unknown}


   Skills:
 - Level 1.1 Short Blades
 - Level 2.1 Dodging
 + Level 6.1 Stealth
 - Level 2.0 Spellcasting
 * Level 7.2 Hexes


You had one spell level left.
You knew the following spells:

 Your Spells              Type           Power      Damage    Failure   Level
a - Corona                Hex            28%        N/A       1%          1
b - Ensorcelled Hibernat  Hex/Ice        28%        N/A       7%          2
c - Confusing Touch       Hex            26%        N/A       3%          3

Your spell library contained the following spells:

 Spells                   Type           Power      Damage    Failure   Level
 Tukima's Dance           Hex            26%        N/A       3%          3
 Dazzling Flash           Conj/Hex       28%        N/A       13%         3


Dungeon Overview and Level Annotations

Branches:
Dungeon (4/15)
 Temple: D:4-7

Altars:
Cheibriados
Fedhas
Hepliaklqana
Makhleb
Sif Muna
Wu Jian
The Shining One


Innate Abilities, Weirdness & Mutations

You are a vampire bat.
You are tiny and dextrous.
You move quickly.
You are flying.
You are immune to poison.
Your equipment is almost entirely melded.
You are incapable of wielding weapons or throwing items.
You cannot cast spells.
You do not regenerate when monsters are visible.
You are frail without blood (-20% HP).
You can heal yourself when you bite living creatures.
You have razor-sharp teeth.
You have supernaturally acute eyesight. (SInv)
You are afflicted with vampirism and can become a bat while bloodless.


Message History

A necrophage is nearby!
The necrophage closely misses you. The necrophage completely misses you.
The necrophage completely misses you. The necrophage completely misses you.
The necrophage hits you. The necrophage completely misses you.
The necrophage completely misses you. The necrophage completely misses you.
The necrophage closely misses you. The necrophage barely misses you.
The necrophage misses you. The necrophage completely misses you.
The necrophage closely misses you. The necrophage completely misses you.
The necrophage completely misses you. The necrophage completely misses you.
The necrophage hits you.
* * * LOW HITPOINT WARNING * * *
The necrophage misses you. The necrophage completely misses you.
The necrophage completely misses you. The necrophage completely misses you.
The necrophage completely misses you. The necrophage barely misses you.
The necrophage completely misses you. The necrophage completely misses you.
The necrophage misses you. The necrophage completely misses you.
The necrophage misses you. The necrophage completely misses you.
The necrophage completely misses you. The necrophage completely misses you.
The necrophage completely misses you. The necrophage completely misses you.
The necrophage misses you. The necrophage barely misses you.
The necrophage completely misses you. The necrophage hits you.
You die...

.....##.......
≈☼≈≈........s
≈≈○≈....?...
.._≈≈.......
.≈≈§≈§......
..≈≈≈≈≈.....#
....○........## .
g........##...##...
....#.#.##bn......#
#....#.........###
##...
#.......###..##
..... ##.....##
...# .....##......#
..## .Y....##....##
### ......#....##
............##
#...$........#


You could see a necrophage.

Vanquished Creatures
  2 orc wizards (D:3)
  3 adders
  A dart slug (D:1)
  3 orcs (D:3)
  4 ball pythons
  8 endoplasms
  2 giant cockroaches
  4 goblins
  7 hobgoblins
  3 quokkas
  6 bats
  3 frilled lizards
  3 kobolds
  7 rats
56 creatures vanquished.

Vanquished Creatures (others)
  7 fungi (D:3)
7 creatures vanquished.

Grand Total: 63 creatures vanquished

Notes
Turn   | Place    | Note
-------+----------+-------------------------------------------
     0 | D:1      | Garessta the Vampire Enchanter began the quest for the Orb.
     0 | D:1      | Reached XP level 1. HP: 13/13 MP: 3/3
   211 | D:1      | Reached skill level 5 in Hexes
   211 | D:1      | Reached XP level 2. HP: 18/19 MP: 5/5
   215 | D:1      | Learned a level 2 spell: Ensorcelled Hibernation
   348 | D:1      | Reached skill level 5 in Stealth
   782 | D:2      | Gained mutation: You are afflicted with vampirism and can
                  | become a bat while bloodless. [Vampire growth]
   782 | D:2      | Reached XP level 3. HP: 24/24 MP: 6/6
   837 | D:2      | You fall into a shaft and drop 1 floor!
   980 | D:2      | Reached skill level 6 in Hexes
  1821 | D:3      | Found a faded altar of an unknown god.
  1821 | D:3      | Found a blossoming altar of Fedhas.
  1827 | D:3      | Found a faded altar of an unknown god.
  1831 | D:3      | Found a hazy altar of Hepliaklqana.
  1832 | D:3      | Found an ornate altar of the Wu Jian Council.
  1926 | D:3      | Found a burning altar of Makhleb.
  2058 | D:1      | Reached XP level 4. HP: 20/30 MP: 0/7
  2087 | D:1      | Learned a level 3 spell: Confusing Touch
  2389 | D:3      | Reached skill level 7 in Hexes
  2749 | D:3      | Became a worshipper of Cheibriados the Contemplative
  2749 | D:3      | Reached * piety under Cheibriados
  2780 | D:4      | Found a shimmering blue altar of Sif Muna.
  2780 | D:4      | Noticed a scorpion
  2806 | D:4      | Noticed a sky beast
  2807 | D:4      | Noticed a necrophage
  2888 | D:4      | Slain by a necrophage

Illustrated notes

Levels and vault maps discovered:
D:1:      denvon_arrival_waterhouse, layout_rooms, hangedman_glass_garden,
          corexii_corridor_pit, corner_web_ring, chequers_serial_rivers_micro_b,
          st_stairs_9
D:2:      layout_loops_ring
D:3:      layout_loops_ring, mainiacjoe_overflow_chevrons,
          mainiacjoe_overflow_24_doors, chequers_temple_overflow_minitemple
D:4:      layout_cave_pools, nicolae_ru_the_path_less_chosen,
          nicolae_sif_muna_condensation

Skill      XL: |  1  2  3  4 |
---------------+-------------+-----
Hexes          | 5 6 7 |  7.2
Stealth        | 5 6 |  6.1
Short Blades   | |  1.1
Dodging        | |  2.1
Spellcasting   | |  2.0

Action                   |  1- 3 |  4- 6 || total
-------------------------+-------+-------++-------
Melee: Dagger            |   156 |    28 ||   184
       Bite              |     7 |     3 ||    10
 Cast: Ensorcelled Hiber |    22 |     7 ||    29
       Confusing Touch   |       |     3 ||     3
 Abil: Bat Form          |       |     1 ||     1
       Exsanguinate      |       |     1 ||     1
  Use: Potion            |     2 |     1 ||     3
       Scroll            |     2 |       ||     2
 Stab: Sleeping          |    26 |     7 ||    33
       Confused          |       |     2 ||     2
Armor: Robe              |    32 |     2 ||    34
Dodge: Dodged            |   151 |    54 ||   205
